 Dungeon Crawl Stone Soup version 0.25-a0-513-ge77a69270c (webtiles) character file.

Game seed: 3108231036548988815, levelgen mode: deterministic

14744 Arthanis the Cleaver (level 12, -2/80 HPs)
             Began as a Gargoyle Berserker on Feb 16, 2020.
             Was an Elder of Trog.
             Slain by a death scarab (11 damage)
             ... in a Gauntlet.
             The game lasted 00:19:50 (8803 turns).

Arthanis the Cleaver (Gargoyle Berserker)           Turns: 8803, Time: 00:19:51

Health: -2/80      AC: 38    Str: 21    XL:     12   Next: 19%
Magic:  4/4        EV:  8    Int: 13    God:    Trog [****..]
Gold:   361        SH:  4    Dex:  9    Spells: 11/11 levels left

rFire    + . .     SeeInvis .   d - +2 broad axe (antimagic)
rCold    + . .     Gourm    .   n - +0 buckler
rNeg     + + .     Faith    .   T - +9 scales of the Dragon King {rPois rF+ rC+ MR+}
rPois    ∞         Spirit   .   (no helmet)
rElec    +         Reflect  .   (no cloak)
rCorr    .         Harm     .   f - +0 pair of gloves
MR       +....     NoTele   +   k - +2 pair of boots
Stlth    ..........             N - amulet of the acrobat
HPRegen  0.23/turn              S - +3 ring of evasion
MPRegen  0.09/turn              H - ring of positive energy

@: berserk cooldown, slowed, very slow
A: negative energy resistance 1, electricity resistance, unbreathing,
petrification resistance, rot immunity, AC +8
a: Berserk, Trog's Hand, Brothers in Arms, Renounce Religion


You were in a Gauntlet.
You worshipped Trog.
Trog was greatly pleased with you.
You were not hungry.

You visited 1 branch of the dungeon, and saw 11 of its levels.
You also visited: Sewer, Ossuary and Gauntlet.

You collected 601 gold pieces.
You spent 240 gold pieces at shops.

Inventory:

Hand Weapons
 a - a +1 battleaxe of flaming
 d - a +2 antimagic broad axe (weapon)
 h - the +5 dagger "Waol" {freeze, Str+2, unknown}
   (You found it on level 10 of the Dungeon)

   It has been specially enchanted to freeze those struck by it, causing extra
   injury to most foes and up to half again as much damage against particularly
   susceptible opponents.
   It can also slow down cold-blooded creatures.
   It affects your strength (+2).
 Q - a cursed +3 trident
Missiles
 M - 3 throwing nets (quivered)
Armour
 f - a +0 pair of gloves (worn)
 k - a +2 pair of boots (worn)
 n - a +0 buckler (worn)
 T - the +9 scales of the Dragon King (worn) {rPois rF+ rC+ MR+}
   (You found it on level 10 of the Dungeon)

   It protects you from fire.
   It protects you from cold.
   It protects you from poison.
   It affects your resistance to hostile enchantments.
   If you remove this armour, your AC will decrease by 25 (38 -> 13).
Magical Staves
 p - an uncursed staff of earth {unknown}
Jewellery
 H - a ring of positive energy (right hand)
 N - an amulet of the acrobat (around neck)
 O - an uncursed ring of resist corrosion
 R - an uncursed ring of protection from fire
 S - a +3 ring of evasion (left hand)
Wands
 m - a wand of iceblast (4)
 I - a wand of random effects (10)
 P - a wand of clouds (5)
Scrolls
 b - a scroll of immolation {unknown}
 g - 5 scrolls of enchant weapon
 i - 2 scrolls of fear
 o - a scroll of fog {unknown}
 u - a scroll of blinking {unknown}
 w - 7 scrolls of remove curse
 y - a scroll of teleportation
 L - 5 scrolls of enchant armour
Potions
 e - 11 potions of curing {unknown}
 j - a potion of ambrosia {unknown}
 l - a potion of brilliance {unknown}
 q - a potion of cancellation {unknown}
 s - 3 potions of mutation {unknown}
 t - 3 potions of haste {unknown}
 x - 4 potions of magic
 z - 2 potions of might {unknown}
 A - a potion of resistance {unknown}
 B - 7 potions of lignification {unknown}
 D - 2 potions of flight {unknown}
 E - 6 potions of degeneration {unknown}
 J - 2 potions of agility {unknown}
Comestibles
 c - 17 rations


   Skills:
 + Level 11.2 Fighting
 * Level 12.7 Axes
 - Level 8.0 Armour
 - Level 4.0 Dodging
 - Level 4.0 Shields
 - Level 2.1 Evocations


You had 11 spell levels left.
You didn't know any spells.
Your spell library contained the following spells:

 Spells                   Type           Power        Failure   Level  Hunger
 Animate Skeleton         Necr           N/A          100%        1    ##.....
 Apportation              Tloc           #.....       100%        1    ##.....
 Corona                   Hex            #......      100%        1    ##.....
 Summon Small Mammal      Summ           #...         100%        1    ##.....
 Ensorcelled Hibernation  Hex/Ice        #.....       100%        2    ###....
 Confusing Touch          Hex            #.......     100%        3    ####...
 Dazzling Flash           Conj/Hex       #.....       100%        3    ####...
 Tukima's Dance           Hex            #.......     100%        3    ####...


Dungeon Overview and Level Annotations

Branches:
Dungeon (11/15)            Temple (0/1) D:4            Lair (0/6) D:11
    Orc (0/2) D:9           Sewer (visited)         Ossuary (visited)
Gauntlet (1/1)

Altars:
Cheibriados
Dithmenos
Nemelex Xobeh
Okawaru
Sif Muna
Yredelemnul
The Shining One

Shops:
D:6 %(   D:7 *   D:11 :%

Annotations:
D:9 exclusion: ice statue Gauntlet 5 transporters


Innate Abilities, Weirdness & Mutations

You are resistant to torment.
Your stone body is resilient. (AC +8)
You are immune to poison.
You resist negative energy. (rN+)
You are resistant to electric shocks. (rElec)
You can survive without breathing.
You are immune to petrification.
You are immune to rotting.


Message History

The death scarab drains your vigour!
You feel as though you will be slow longer.
You block the death scarab's attack.
You miss the death scarab. You slash the death scarab!
You destroy the death scarab!
Trog accepts your kill.
The death scarab bites you but does no damage.
You slice the death scarab!!
The death scarab is severely damaged.
The death scarab bites you.
* * * LOW HITPOINT WARNING * * *
The death scarab bites you!
* * * LOW HITPOINT WARNING * * *
Your scales of the Dragon King prevents you from hitting the death scarab.
The death scarab is severely damaged.
You are no longer berserk.
You are exhausted.
You feel as though you will be slow longer.
The death scarab bites you!
You die...

≈≈≈#≈≈≈#≈≈≈#≈≈≈#≈≈≈#≈≈≈#≈≈
#≈........................
##.#########...#########..
#≈.#.......#.⌠.#.......#.⌠
≈≈.#?.. #..#...#.#.###.#..
#≈.#"..###.#####....#..###
#©#..#©.©#©.#©#.##©.
##.s.#.⌠.#..#††.##.⌠
.#..@.#...#.###.###..
∩.#.......#.⌠.#.......#.⌠
..#########...#########..
⌠.....#.....⌠.#.........⌠
..#########...#########..
∩.#.P.#{D.#.⌠.#xXxx...#.⌠
..#.#.#.#.#...#X...##.#..
..#}#.#.#.#.⌠.#x.## #.#.⌠
##©##.#©.©#©.#© #x#©.


You could see a large abomination, a death scarab, a steam dragon shaped shifter
and 2 small abominations.

Vanquished Creatures
  2 two-headed ogres
  A death scarab (Gauntlet)
  Pikel (D:4)
  2 large abominations (Gauntlet)
  A manticore (D:11)
  An ugly thing (D:11)
  A kobold demonologist (D:11)
  2 trolls
  3 hornets (Gauntlet)
  2 hippogriffs
  2 spectral black mambas (Gauntlet)
  Sigmund (D:3)
  A wraith (D:11)
  2 wyverns
  15 yaks
  3 steam dragons
  2 hungry ghosts
  A vampire mosquito (D:10)
  A spectral spiny frog (Gauntlet)
  A water moccasin (D:7)
  A soldier ant (D:10)
  Duvessa (D:4)
  2 orc warriors
  2 black bears (D:7)
  2 sky beasts
  5 ice beasts
  An eye of draining (D:11)
  6 ogres
  5 small abominations (Gauntlet)
  7 centaurs
  2 big kobolds
  5 bullfrogs
  A wyvern zombie (D:9)
  Dowan (D:4)
  8 scorpions
  5 wights (D:8)
  2 crimson imps
  3 bullfrog zombies
  2 howler monkeys
  A human zombie (Ossuary)
  2 centaur zombies (Ossuary)
  4 hounds
  2 jellies
  3 orc wizards
  3 orc priests
  2 bullfrog skeletons
  A centaur skeleton (D:5)
  Jessica (D:2)
  An iguana (D:4)
  6 worker ants
  A big kobold zombie (Ossuary)
  A hound zombie (D:7)
  A hound skeleton (D:9)
  4 mummies
  A howler monkey zombie (D:4)
  3 worker ant zombies
  2 gnolls (D:2)
  10 adders
  2 howler monkey skeletons
  A river rat (Sewer)
  3 scorpion zombies (Ossuary)
  A shadow imp (D:5)
  An adder zombie (D:7)
  2 adder skeletons
  6 worms
  2 dart slugs
  6 leopard geckos
  21 orcs
  7 bats
  6 giant cockroaches
  16 goblins
  6 hobgoblins
  12 jackals
  15 kobolds
  4 quokkas
  3 ball pythons
  5 frilled lizards
  A giant cockroach zombie (D:5)
  2 gnoll zombies (Ossuary)
  A goblin zombie (Ossuary)
  4 hobgoblin zombies (Ossuary)
  9 kobold zombies
  2 orc zombies (D:7)
  A quokka skeleton (D:7)
  20 rats
  A spectral orc (D:5)
  3 fungi (D:6)
318 creatures vanquished.

Vanquished Creatures (others)
  A scorpion (Ossuary)
1 creature vanquished.

Grand Total: 319 creatures vanquished

Notes
Turn   | Place    | Note
-------+----------+-------------------------------------------
     0 | D:1      | Arthanis the Gargoyle Berserker began the quest for the
                  | Orb.
     0 | D:1      | Reached XP level 1. HP: 14/14 MP: 1/1
    13 | D:1      | Reached XP level 2. HP: 19/19 MP: 2/2
    15 | D:1      | Reached skill level 3 in Axes
   166 | D:1      | Reached XP level 3. HP: 21/23 MP: 3/3
   351 | D:1      | Reached ** piety under Trog
   845 | D:2      | Reached XP level 4. HP: 27/29 MP: 4/4
   856 | D:2      | Noticed Jessica
   863 | D:2      | Killed Jessica
  1288 | D:2      | Found an iron altar of Okawaru.
  1293 | D:2      | Reached XP level 5. HP: 33/33 MP: 5/5
  1497 | D:3      | Reached skill level 4 in Axes
  1592 | D:3      | Found a snail-covered altar of Cheibriados.
  1636 | D:3      | Reached *** piety under Trog
  1636 | D:3      | Reached skill level 1 in Shields
  1690 | D:3      | Noticed Sigmund
  1710 | D:3      | Killed Sigmund
  1710 | D:3      | Reached XP level 6. HP: 22/38 MP: 6/6
  1916 | D:4      | Found a staircase to the Ecumenical Temple.
  1917 | D:4      | Found a sand-covered staircase.
  1930 | Ossuary  | Entered an ossuary
  2014 | Ossuary  | Reached XP level 7. HP: 43/44 MP: 7/7
  2100 | Ossuary  | Reached skill level 5 in Axes
  2155 | Ossuary  | Reached skill level 5 in Fighting
  2164 | Ossuary  | Reached **** piety under Trog
  2259 | Ossuary  | Reached XP level 8. HP: 28/49 MP: 8/8
  2423 | D:4      | Found a glowing drain.
  2446 | Sewer    | Entered a sewer
  2565 | Sewer    | Found a glowing silver altar of Zin.
  2653 | D:4      | Found a shadowy altar of Dithmenos.
  2663 | D:4      | Noticed Dowan
  2665 | D:4      | Reached skill level 6 in Axes
  2687 | D:4      | Killed Dowan
  2738 | D:4      | Noticed Duvessa
  2758 | D:4      | Killed Duvessa
  2916 | D:4      | Noticed Pikel
  2921 | D:4      | Reached skill level 7 in Axes
  2940 | D:4      | Killed Pikel
  2940 | D:4      | Reached skill level 5 in Armour
  2940 | D:4      | Reached XP level 9. HP: 44/57 MP: 9/9
  2956 | D:4      | Found a sparkling altar of Nemelex Xobeh.
  3242 | D:5      | Entered Level 5 of the Dungeon
  3320 | D:5      | Reached skill level 8 in Axes
  3438 | D:5      | Reached ***** piety under Trog
  3438 | D:5      | Received a gift from Trog
  3671 | D:5      | Found a basalt altar of Yredelemnul.
  4294 | D:6      | Found Gokuimor's Food Shop.
  4333 | D:6      | Found Qahi's Antique Weapon Shop.
  4546 | D:7      | Reached skill level 9 in Axes
  4687 | D:7      | Found a glowing golden altar of the Shining One.
  4712 | D:7      | Reached skill level 1 in Evocations
  4712 | D:7      | Reached XP level 10. HP: 42/64 MP: 10/10
  4801 | D:7      | Found Soera's Assorted Antiques.
  4826 | D:7      | Bought a scroll of identify for 62 gold pieces
  4826 | D:7      | Bought a scroll labeled ONOAZIFEEK for 31 gold pieces
  4826 | D:7      | Bought a bubbling puce potion for 27 gold pieces
  4826 | D:7      | Bought a bubbling grey potion for 27 gold pieces
  4826 | D:7      | Bought a scroll labeled ONOAZIFEEK for 31 gold pieces
  4826 | D:7      | Bought a scroll of identify for 62 gold pieces
  5042 | D:7      | Received a gift from Trog
  5356 | D:7      | Found a shimmering blue altar of Sif Muna.
  5576 | D:8      | Noticed a two-headed ogre
  5583 | D:8      | Killed a two-headed ogre
  5583 | D:8      | Reached skill level 10 in Axes
  6519 | D:9      | Noticed an ice statue
  6656 | D:9      | Reached XP level 11. HP: 69/71 MP: 4/12
  6711 | D:9      | Found a staircase to the Orcish Mines.
  6871 | D:9      | Reached skill level 11 in Axes
  7306 | D:10     | Entered Level 10 of the Dungeon
  7383 | D:10     | Found the +9 scales of the Dragon King {rPois rF+ rC+ MR+}
  7456 | D:10     | Got a sheer robe
  7540 | D:10     | Identified the +1 robe "Qochemoe" {Dex+6} (You found it on
                  | level 10 of the Dungeon)
  7655 | D:10     | Reached skill level 10 in Fighting
  7660 | D:10     | Received a gift from Trog
  7802 | D:10     | Got a twisted dagger
  8204 | D:11     | Found Daecic's Food Shoppe.
  8311 | D:11     | Found Joiwoepte's Book Boutique.
  8341 | D:11     | Noticed a manticore
  8347 | D:11     | Noticed a brown ugly thing
  8356 | D:11     | Killed a manticore
  8360 | D:11     | Killed a brown ugly thing
  8407 | D:11     | Noticed a two-headed ogre
  8414 | D:11     | Killed a two-headed ogre
  8414 | D:11     | Reached skill level 12 in Axes
  8430 | D:11     | Found a gate leading to a gauntlet.
  8435 | Gauntlet | Entered a Gauntlet
  8435 | Gauntlet | Found a transporter.
  8435 | Gauntlet | Found a transporter.
  8435 | Gauntlet | Noticed a large abomination
  8435 | Gauntlet | Noticed a wizard
  8450 | Gauntlet | Found a transporter.
  8450 | Gauntlet | Found a transporter.
  8450 | Gauntlet | Found a transporter.
  8450 | Gauntlet | Found a transporter.
  8468 | Gauntlet | Killed a large abomination
  8469 | Gauntlet | Reached XP level 12. HP: 15/79 MP: 4/13
  8670 | Gauntlet | Found a transporter.
  8670 | Gauntlet | Found a transporter.
  8675 | Gauntlet | Noticed a death scarab
  8687 | Gauntlet | Found a transporter.
  8687 | Gauntlet | Found a transporter.
  8766 | Gauntlet | Noticed a death scarab
  8800 | Gauntlet | Killed a death scarab
  8803 | Gauntlet | Slain by a death scarab

Levels and vault maps discovered:
D:1:      dpeg_arrival_stonehenge_12_columns, layout_basic
D:2:      layout_basic, okawaru_altar_gauntlet_db, uniq_jessica
D:3:      layout_rooms, old_standard_altar, uniq_sigmund
D:4:      layout_rooms, nicolae_dithmenos_shadow_blocks, kennysheep_mini,
          temple_fountains, enter_ossuary_1, gup_sewer_entry_bubbles,
          roderic_roman_lattice, uniq_pikel, uniq_duvessa
D:5:      layout_basic, yredelemnul_forgotten_temple_becter, first_ration
D:6:      kennysheep_steamy, layout_rooms, serial_shops,
          nicolae_shop_waterfront, kennysheep_mini_moat, kennysheep_minor_cross
D:7:      layout_loops_ring, lemuel_blue_sif_altar,
          nicolae_tso_carved_into_rock, serial_shops, shop_fountains,
          minivault_27, grunt_ogre_cave, minmay_mini_ossuary
D:8:      layout_cave_pods
D:9:      layout_grid_maze, orc_0_dummy, serial_glass, glass_columns_a,
          glass_columns_c, glass_columns_a, glass_columns_a, glass_columns_b,
          glass_columns_a, minivault_16
D:10:     layout_basic, minmay_strange_pillars, minmay_chambers_of_fives
D:11:     layout_layer_cave, lair_entry_dummy, serial_shops,
          nicolae_shop_behind_doors, nicolae_shop_stone, shop,
          gauntlet_entry_generic
Gauntlet: minmay_gauntlet_77_indecision [minmay_gauntlet_arena_77_fan,
          minmay_gauntlet_arena_77_mirror,
          minmay_gauntlet_arena_77_broken_ladder,
          minmay_gauntlet_arena_77_hold_the_fort,
          minmay_gauntlet_arena_77_double_cross,
          minmay_gauntlet_arena_77_two_paths,
          nicolae_gauntlet_exit_dead_adventurers]

Skill      XL: |  1  2  3  4  5  6  7  8  9 10 11 12 |
---------------+-------------------------------------+-----
Axes           | 3 4 5 7 9 10 12 | 12.7
Dodging        | 2 3 4 |  4.0
Armour         | 3 4 5 6 8 |  8.0
Fighting       | 4 5 7 8 9 10 11 | 11.2
Shields        | 2 3 4 |  4.0
Evocations     | 1 2 |  2.1

Action                   |  1- 3 |  4- 6 |  7- 9 | 10-12 || total
-------------------------+-------+-------+-------+-------++-------
Melee: Hand axe          |   103 |   142 |   133 |       ||   378
       Dagger            |       |    89 |   233 |       ||   322
       Battleaxe         |       |       |   118 |    67 ||   185
       Broad axe         |       |       |       |   508 ||   508
Invok: Berserk           |     1 |     3 |     4 |     8 ||    16
       Trog's Hand       |       |     1 |     2 |     3 ||     6
  Use: Scroll            |       |       |     6 |     6 ||    12
  Eat: Chunk             |     1 |     7 |    11 |    18 ||    37
       Ration            |       |       |     1 |     3 ||     4
Armor: Animal skin       |    26 |       |       |       ||    26
       Scale mail        |    17 |   126 |   133 |       ||   276
       Chain mail        |       |       |   208 |    54 ||   262
       Plate armour      |       |       |       |   161 ||   161
       Gold dragon scale |       |       |       |   289 ||   289
Dodge: Dodged            |    85 |   108 |   214 |   298 ||   705
Block: Buckler           |       |    29 |    83 |   131 ||   243

Table legend:
 A = Non-vault XP
 B = Vault XP
 C = Vault XP percentage of total XP
 D = Non-vault monster count
 E = Vault monster count
 F = Vault count percentage of total count
                 A         B        C        D         E       F
            +---------+---------+-------+---------+---------+-------
      Total |   14317 |    6746 |  32.0 |     233 |      83 |  26.3
            +---------+---------+-------+---------+---------+-------
        D:1 |      49 |       0 |   0.0 |      27 |       0 |   0.0
        D:2 |      78 |      74 |  48.7 |      28 |       7 |  20.0
        D:3 |      42 |     231 |  84.6 |      20 |       1 |   4.8
        D:4 |     556 |     891 |  61.6 |      19 |       8 |  29.6
        D:5 |     514 |       1 |   0.2 |      21 |       1 |   4.5
        D:6 |     516 |     300 |  36.8 |       8 |       2 |  20.0
        D:7 |    1218 |     138 |  10.2 |      21 |       6 |  22.2
        D:8 |    1537 |       0 |   0.0 |      19 |       0 |   0.0
        D:9 |    3369 |       0 |   0.0 |      24 |       0 |   0.0
       D:10 |    1938 |     436 |  18.4 |      24 |       4 |  14.3
       D:11 |    4500 |       0 |   0.0 |      22 |       0 |   0.0
      Sewer |       0 |     124 | 100.0 |       0 |       9 | 100.0
    Ossuary |       0 |     731 | 100.0 |       0 |      31 | 100.0
   Gauntlet |       0 |    3820 | 100.0 |       0 |      14 | 100.0
            +---------+---------+-------+---------+---------+-------
